 Dungeon Sprint DCSS version 0.31-a0-408-gb642c7f9a3 (webtiles) character file.

Game seed: 7330046486482501400

272 rocky1 the Grappler (level 8, -1/89 HPs)
             Began as a Troll Shapeshifter on July 30, 2023.
             Was an Initiate of Gozag.
             Constricted to death by a giant anaconda (3 damage)
             ... in the Dungeon (Sprint VI: "Thunderdome").
             The game lasted 00:06:42 (616 turns).

rocky1 the Grappler (Troll Shapeshifter)             Turns: 616, Time: 00:06:43

Health: -1/89      AC:  1    Str: 36    XL:     8   Next: 72%
Magic:  7/7        EV:  7    Int: 12    God:    Gozag
Gold:   39         SH:  0    Dex: 13    Spells: 7/7 levels left

rFire   + .          .
                       - Unarmed
rCold   . . .        (no shield)
rNeg    . . .        h - +1 robe {Will+}
rPois   +            (helmet currently unavailable)
rElec   .            (cloak currently unavailable)
rCorr   .            (gloves unavailable)
SInv    .            (boots unavailable)
Will    +....        p - amulet "Baejahyq" {Faith Str+3}
Stlth   +            n - ring "Fuakuaps" {rPois Str+6 Dex+3}
HPRegen 1.14/turn    o - ring "Tehut" {*Corrode rF+ Str+3 Int+6 Slay+3}
MPRegen 0.10/turn

%: no teleportation, corrode self (3%), faith
@: beast-form, corroded, hasted, constricted, very quick
A: beast (slay +6), large, unfitting armour, claws 3, regeneration 1, shaggy fur
1, tough skin 1
a: Begin Untransformation, Renounce Religion, Potion Petition, Call Merchant,
Bribe Branch


You were in the Dungeon.
You worshipped Gozag.
Gozag was noncommittal.
You were a hulking beast.
You visited 1 branch You collected 1833 gold pieces.
You spent 1794 gold pieces at shops.

Inventory:

Missiles
 q - 6 poisoned darts
Armour
 a - a +0 animal skin
 h - a +1 robe of willpower (worn)
 r - the +1 robe "Zoenost" {SInv}
   (You bought it in a shop in the Dungeon)

   SInv:      It lets you see invisible.
 s - the +0 cloak of Lugonu {rPois rF+ Str+3 Dex-5}
   (You bought it in a shop in the Dungeon)

   Str:       It affects your strength (+3).
   Dex:       It affects your dexterity (-5).
   rF:        It protects you from fire.
   rPois:     It protects you from poison.
Jewellery
 n - the ring "Fuakuaps" (left claw) {rPois Str+6 Dex+3}
   (You bought it in a shop in the Dungeon)

   [ring of strength]

   Str:       It affects your strength (+6).
   Dex:       It affects your dexterity (+3).
   rPois:     It protects you from poison.
 o - the ring "Tehut" (right claw) {*Corrode rF+ Str+3 Int+6 Slay+3}
   (You bought it in a shop in the Dungeon)

   [ring of intelligence]

   Str:       It affects your strength (+3).
   Int:       It affects your intelligence (+6).
   Slay:      It affects your accuracy & damage with ranged weapons and melee
   (+3).
   rF:        It protects you from fire.
   *Corrode:  It may corrode you when you take damage.
 p - the amulet "Baejahyq" (around neck) {Faith Str+3}
   (You bought it in a shop in the Dungeon)

   [amulet of faith]

   It allows you to gain divine favour quickly.
   Str:       It affects your strength (+3).
Talismans
 c - a beast talisman
 t - a blade talisman
 u - a granite talisman
Wands
 k - a wand of quicksilver (4)
 l - a wand of iceblast (3)
Scrolls
 i - 3 scrolls of blinking
 m - 3 scrolls of fog
Potions
 b - a potion of lignification
 d - 6 potions of curing
 e - 7 potions of heal wounds
 f - 3 potions of haste
 g - 2 potions of magic
 j - a potion of resistance


   Skills:
 + Level 8.3 Fighting
 - Level 1.5 Dodging
 * Level 14.1 Unarmed Combat
 + Level 8.9 Shapeshifting


You had 7 spell levels left.
You didn't know any spells.
Your spell library was empty.

Dungeon Overview and Level Annotations

Branches:
Dungeon (1/1)

Altars:
Cheibriados
Dithmenos
Fedhas
Gozag
Kikubaaqudgha
Makhleb
Okawaru
Qazlal
Ru
Sif Muna
Trog
Uskayaw
Vehumet
Wu Jian
Xom
Yredelemnul
Zin
The Shining One
Lugonu

Shops:
D *[=??*?*:[((!!!!


Innate Abilities, Weirdness & Mutations

You are a hulking beast.
Your limbs bulge with bestial killing power. (Slay +6)
You are too large for most types of armour.
You have claws for hands.
Your natural rate of healing is unusually fast.
You are covered in fur. (AC +1)
You have tough skin. (AC +1)


Message History

Get ready!
There is a shimmering blue altar of Sif Muna here.
ROUND 5!
BOSS ROUND!
A giant anaconda comes into view.
The giant anaconda hisses angrily.
The giant anaconda grabs you. The giant anaconda bites you.
The giant anaconda constricts you.
You feel yourself speed up. The giant anaconda bites you.
The giant anaconda constricts you. The giant anaconda closely misses you.
The giant anaconda constricts you.
You miss the giant anaconda. The giant anaconda bites you.
The giant anaconda constricts you.
You eviscerate the giant anaconda!!!
The giant anaconda is moderately wounded.
The giant anaconda bites you but does no damage.
The giant anaconda constricts you.
Your corrosive artefact corrodes you!
You claw the giant anaconda!
The giant anaconda is heavily wounded.
The giant anaconda bites you! The giant anaconda constricts you.
You mangle the giant anaconda!! Your claw misses the giant anaconda.
The giant anaconda is severely wounded.
The giant anaconda bites you. The giant anaconda constricts you.
You eviscerate the giant anaconda!!!
The giant anaconda is almost dead.
The giant anaconda bites you! The giant anaconda constricts you.
You scratch the giant anaconda.
The giant anaconda is almost dead.
The giant anaconda bites you!
* * * LOW HITPOINT WARNING * * *
The giant anaconda constricts you.
* * * LOW HITPOINT WARNING * * *
You scratch the giant anaconda.
The giant anaconda is almost dead.
You miss the giant anaconda. Your claw misses the giant anaconda.
The giant anaconda is almost dead.
The giant anaconda bites you!
* * * LOW HITPOINT WARNING * * *
The giant anaconda constricts you.
You die...
Your body crumbles into a pile of gold.

##.....## ##∩.....∩##
#∩.[.....∩# #_......._#
#_......._# #_......._#
###.........###
#⌠..S........⌠#
######.8.h.......8.######
##∩___......###......_._∩##
###∩........8.# #.8........∩#
##.....[.......###............
#⌠.......)..###...###.........
#⌠..........# #.<.# #.........
#⌠..........###...###.........
##.........[...###............
###∩........8.# #.8........∩#


You could see a giant anaconda.

Vanquished Creatures
  Josephine (D)
  A queen bee (D)
  Sigmund (D)
  Eustachio (D)
  2 phantoms (D)
  A necrophage (D)
  A wight (D)
  5 killer bees (D)
  A quasit (D)
  A shadow imp (D)
  2 white imps (D)
  A giant cockroach (D)
  A goblin (D)
  A hobgoblin (D)
  A jackal (D)
  A jackal skeleton (D)
22 creatures vanquished.

Notes
Turn   | Place    | Note
-------+----------+-------------------------------------------
     0 | D        | rocky1 the Troll Shapeshifter began the quest for the Orb.
     0 | D        | Reached XP level 1. HP: 18/18 MP: 0/0
     4 | D        | Found a glowing silver altar of Zin.
     4 | D        | Found a stormy altar of Qazlal.
     5 | D        | Found a shimmering blue altar of Sif Muna.
     5 | D        | Round 1.
     6 | D        | Found Wawnatuisk's Identification Station.
     6 | D        | Found a corrupted altar of Lugonu.
     6 | D        | Found Difauroh's Timeless Talismans.
     7 | D        | Found Hukuc's Advanced Armour.
     7 | D        | Found Bipej's Jewellery.
    11 | D        | Found an iron altar of Okawaru.
    15 | D        | Bought an ancient pewter ring for 45 gold pieces
    15 | D        | Identified the ring "Fuakuaps" {rPois Str+6 Dex+3} (You
                  | bought it in a shop in the Dungeon)
    15 | D        | Bought an ancient brass ring for 45 gold pieces
    15 | D        | Identified the ring "Tehut" {*Corrode rF+ Str+3 Int+6
                  | Slay+3} (You bought it in a shop in the Dungeon)
    15 | D        | Bought a wavering golden amulet for 45 gold pieces
    15 | D        | Identified the amulet "Baejahyq" {Faith Str+3} (You bought
                  | it in a shop in the Dungeon)
    27 | D        | Found an opulent altar of Gozag.
    27 | D        | Found a shimmering altar of Xom.
    30 | D        | Found Isodwuomo's Magic Scroll Shop.
    31 | D        | Found Ryku's Magic Scroll Shop.
    31 | D        | Found Otwuin's Must-Have Magic.
    38 | D        | Became a worshipper of Gozag Ym Sagoz the Greedy
    39 | D        | Found an ornate altar of the Wu Jian Council.
    39 | D        | Found a bloodstained altar of Trog.
    39 | D        | Found a burning altar of Makhleb.
    39 | D        | Found Xulenenk's Staff Store.
    43 | D        | Found a snail-covered altar of Cheibriados.
    48 | D        | Found a shadowy altar of Dithmenos.
    50 | D        | Found Vogu Cor's Distillery.
    51 | D        | Found Feong's Distillery.
    51 | D        | Found Gampas's Bottled Wisdom.
    51 | D        | Found a hide-covered altar of Uskayaw.
    51 | D        | Found a glowing golden altar of the Shining One.
    51 | D        | Found a radiant altar of Vehumet.
    51 | D        | Found Ygru Ysic's Do-It-Yourself Clinic.
    56 | D        | Found an ancient bone altar of Kikubaaqudgha.
    64 | D        | Found a sacrificial altar of Ru.
    65 | D        | Found a blossoming altar of Fedhas.
    66 | D        | Found Sixit's Weapon Rack.
    68 | D        | Found a basalt altar of Yredelemnul.
    68 | D        | Found Rummic's Premium Goods.
    71 | D        | Reached skill level 1 in Fighting
    71 | D        | Found Ukeluenu's Basic Armour.
    71 | D        | Found Hiazoxedgh's Miscellaneous Merchandise.
    74 | D        | Noticed Sigmund
    79 | D        | Killed Sigmund
    80 | D        | Reached skill level 8 in Unarmed Combat
    80 | D        | Reached skill level 5 in Shapeshifting
    80 | D        | Reached XP level 2. HP: 33/33 MP: 1/1
    80 | D        | Reached XP level 3. HP: 40/40 MP: 2/2
    80 | D        | Reached XP level 4. HP: 49/49 MP: 3/3
    80 | D        | Reached XP level 5. HP: 55/55 MP: 4/4
   118 | D        | Arena points: 12 (+12) [x2]
   151 | D        | Bought a potion of curing for 45 gold pieces
   151 | D        | Bought 6 poisoned darts for 54 gold pieces
   169 | D        | Bought 4 potions of curing for 84 gold pieces
   169 | D        | Bought 3 potions of heal wounds for 105 gold pieces
   192 | D        | Round 2.
   199 | D        | Noticed Eustachio
   218 | D        | Killed Eustachio
   219 | D        | Reached skill level 5 in Fighting
   219 | D        | Reached skill level 10 in Unarmed Combat
   219 | D        | Reached XP level 6. HP: 46/67 MP: 5/5
   225 | D        | Arena points: 48 (+36) [x3]
   267 | D        | Round 3.
   272 | D        | Noticed Josephine
   283 | D        | Killed Josephine
   284 | D        | Reached skill level 12 in Unarmed Combat
   284 | D        | Reached XP level 7. HP: 38/78 MP: 6/6
   284 | D        | Reached XP level 8. HP: 42/87 MP: 7/7
   295 | D        | Reached skill level 13 in Unarmed Combat
   334 | D        | Arena points: 132 (+84) [x4]
   396 | D        | Round 4.
   399 | D        | Noticed a queen bee
   403 | D        | Killed a queen bee
   499 | D        | Reached skill level 14 in Unarmed Combat
   546 | D        | Arena points: 272 (+140) [x5]
   564 | D        | Bought a ripped robe for 199 gold pieces
   564 | D        | Identified the +1 robe "Zoenost" {SInv} (You bought it in a
                  | shop in the Dungeon)
   564 | D        | Bought a distressingly furry cloak for 332 gold pieces
   564 | D        | Identified the +0 cloak of Lugonu {rPois rF+ Str+3 Dex-5}
                  | (You bought it in a shop in the Dungeon)
   598 | D        | Bought a blade talisman for 280 gold pieces
   598 | D        | Bought a granite talisman for 560 gold pieces
   600 | D        | Round 5.
   604 | D        | Noticed a giant anaconda
   616 | D        | HP: 2/89 [giant anaconda (16)]
   616 | D        | Constricted to death by a giant anaconda

Illustrated notes

Levels and vault maps discovered:
D:        arena_sprint

Skill      XL: |  1  2  3  4  5  6  7  8 |
---------------+-------------------------+-----
Fighting       | 4 5 7 8 |  8.3
Unarmed Combat | 8 10 12 14 | 14.1
Shapeshifting  | 5 6 8 |  8.9
Dodging        | |  1.5

Action                     |  1- 3 |  4- 6 |  7- 9 || total
---------------------------+-------+-------+-------++-------
  Melee: Unarmed           |     1 |    26 |    30 ||    57
  Evoke: Wand              |     3 |       |       ||     3
    Use: Potion            |       |     1 |     1 ||     2
         Scroll            |       |     1 |       ||     1
 Armour: Animal skin       |       |    14 |     3 ||    17
         Robe              |       |       |     5 ||     5
  Dodge: Dodged            |       |    16 |     8 ||    24

Table legend: (Time is in decaauts)
 A = Elapsed time spent in this place.
 B = Non-inter-level travel time spent in this place.
 C = Inter-level travel time spent in this place.
 D = Time resting spent in this place.
 E = Time spent auto-exploring this place.
 F = Levels seen in this place.
 G = Mean time per level.
                   A        B        C        D        E       F      G
               +--------+--------+--------+--------+--------+-----+--------+
         Total |    614 |    614 |      0 |     55 |     76 |   1 |  614.0 |
       Dungeon |    614 |    614 |      0 |     55 |     76 |   1 |  614.0 |
               +--------+--------+--------+--------+--------+-----+--------+

Top non-repeatable levels by time:
       D: 614 daAuts
